 Dungeon Crawl Stone Soup version 0.18-a0-1805-g8ab820f (webtiles) character file.

301 epen the Sneak (level 6, -2/46 HPs)
             Began as a Vampire Assassin on Apr 26, 2016.
             Slain by a giant gecko (3 damage)
             ... on level 5 of the Dungeon.
             The game lasted 00:07:22 (4113 turns).

epen the Sneak (Vampire Assassin)                   Turns: 4113, Time: 00:07:23

Health: -2/46      AC:  5    Str: 10    XL:     6   Next: 14%
Magic:  6/6        EV: 14    Int: 14    God:
Gold:   224        SH:  0    Dex: 17    Spells: 0 memorised, 5 levels left

rFire  . . .     SeeInvis +     a - +2 dagger
rCold  + + .     Gourm    .     c - +0 robe
rNeg   + + +     Faith    .     (no shield)
rPois  ∞         Spirit   .     (no helmet)
rElec  .         Dismiss  .     d - +0 cloak
rCorr  .         Reflect  .     i - +0 pair of gloves
SustAt .         Harm     .     v - +0 pair of boots
MR     .....                    j - amulet of magic regeneration
Stlth  ++++......               (no ring)
                                (no ring)

@: marked, bloodless, non-regenerating, not resistant to hostile enchantments,
stealthy
A: fangs 3, see invisible, unbreathing
a: Bat Form


You were on level 5 of the Dungeon.
You were bloodless.

You visited 1 branch of the dungeon, and saw 5 of its levels.

You collected 224 gold pieces.

Inventory:

Hand Weapons
 a - a +2 dagger (weapon)
 b - a +0 blowgun
Missiles
 e - 7 poisoned needles
 f - 2 curare-tipped needles
Armour
 c - a +0 robe (worn)
 d - a +0 cloak (worn)
 i - a +0 pair of gloves (worn)
 v - a +0 pair of boots (worn)
Jewellery
 j - an amulet of magic regeneration (around neck)
 s - an uncursed ring of ice
Wands
 x - a wand of polymorph (14/24)
Scrolls
 k - a scroll of remove curse
 l - 4 scrolls of teleportation
 n - 2 scrolls of amnesia
 p - a scroll of noise
 u - a scroll of fear {unknown}
 w - 2 scrolls of identify
 y - a scroll of blinking {unknown}
Potions
 g - 17 potions of blood
 h - a potion of berserk rage {unknown}
 m - a potion of cancellation {unknown}
 o - 2 potions of curing
 q - a potion of agility {unknown}
 r - a potion of mutation {unknown}
 t - 2 potions of brilliance
 z - a potion of flight {unknown}
 A - 2 potions of might {unknown}


   Skills:
 + Level 2.8 Fighting
 * Level 4.3 Short Blades
 - Level 1.5 Throwing
 * Level 4.2 Dodging
 + Level 6.8 Stealth


You had 5 spell levels left.
You didn't know any spells.

Dungeon Overview and Level Annotations

Branches:
Dungeon (5/15)
 Temple: D:4-7

Altars:
Cheibriados
Qazlal
Vehumet

Annotations:
D:3 Natasha


Innate Abilities, Weirdness & Mutations

You do not heal naturally.
You are immune to poison.
You have razor-sharp teeth.
You have supernaturally acute eyesight.
You can survive without breathing.


Message History

The worker ant misses you. The quokka barely misses you.
The worker ant bites you but does no damage.
The quokka misses you. The quokka completely misses you.
A giant gecko comes into view.
An iguana comes into view.
The worker ant bites you but does no damage.
The worker ant completely misses you. The quokka barely misses you.
A quokka comes into view.
The quokka bites you but does no damage.
The worker ant bites you.
* * * LOW HITPOINT WARNING * * *
The quokka barely misses you.
The worker ant bites you but does no damage.
The quokka misses you. The worker ant barely misses you.
The worker ant bites you.
* * * LOW HITPOINT WARNING * * *
The giant gecko barely misses you. The giant gecko bites you.
You die...

#..##o...# + #..
#..##o...#
##..##.....)..#
#...#.........#
#...#...##....#
#..##..##....#
##..##rl+......#
#....lO.#......#
#...@ra.##....##
#........######
##..##...# ###
#####


You could see an ogre, an iguana, a worker ant, an orc, a giant gecko and 2
quokkas.

Vanquished Creatures
  An ogre (D:5)
  A giant frog skeleton (D:4)
  Jessica (D:2)
  Natasha (twice) (D:3)
  4 adders
  An ooze (D:1)
  3 worms
  2 dart slugs
  3 giant geckos
  2 ball pythons
  5 bats
  4 giant cockroaches
  8 goblins
  8 hobgoblins (D:1)
  4 jackals (D:2)
  9 kobolds
  A quokka (D:3)
  A ball python skeleton (D:4)
  A giant newt (D:3)
  6 rats
67 creatures vanquished.

Notes
Turn   | Place    | Note
--------------------------------------------------------------
     0 | D:1      | epen the Vampire Assassin began the quest for the Orb.
     0 | D:1      | Reached XP level 1. HP: 16/16 MP: 1/1
   184 | D:1      | Found a snail-covered altar of Cheibriados.
   250 | D:1      | Reached XP level 2. HP: 22/22 MP: 2/2
   555 | D:1      | Reached skill level 6 in Stealth
   798 | D:1      | Reached XP level 3. HP: 27/27 MP: 3/3
  2044 | D:2      | Found a stormy altar of Qazlal.
  2175 | D:2      | Noticed Jessica
  2181 | D:2      | Killed Jessica
  2181 | D:2      | Reached XP level 4. HP: 32/33 MP: 4/4
  2702 | D:3      | Found a radiant altar of Vehumet.
  2727 | D:3      | Noticed Natasha
  2745 | D:3      | Killed Natasha
  3388 | D:3      | Noticed Natasha
  3406 | D:3      | Killed Natasha
  3406 | D:3      | Reached XP level 5. HP: 32/39 MP: 5/5
  3442 | D:3      | Noticed a phantom
  3615 | D:3      | Noticed Natasha
  4030 | D:5      | Entered Level 5 of the Dungeon
  4032 | D:5      | Noticed an ogre
  4035 | D:5      | Killed an ogre
  4035 | D:5      | Reached XP level 6. HP: 40/46 MP: 6/6
  4112 | D:5      | HP: 1/46 [worker ant (2)]
  4113 | D:5      | Slain by a giant gecko

Vault maps used:
D:1:      minmay_arrival_semitransparent, cheibriados_altar_1
D:2:      nicolae_overflow_hidden_temple, uniq_jessica
D:3:      old_standard_altar, uniq_natasha
D:5:      elyvilon_altar_4, first_bread, serial_shops, kennysheep_mini

Skill      XL: |  1  2  3  4  5 |
---------------+----------------+-----
Dodging        | 2 3 4 |  4.2
Fighting       | 2 |  2.8
Stealth        | 6 |  6.8
Short Blades   | 3 4 |  4.3
Throwing       | |  1.5

Action                   |  1- 3 |  4- 6 || total
-------------------------+-------+-------++-------
Melee: Dagger            |   112 |    86 ||   198
       Bite              |     8 |     6 ||    14
 Fire: Blowgun           |       |     5 ||     5
  Use: Scroll            |       |     7 ||     7
 Stab: Sleeping          |    13 |    18 ||    31
Armor: Robe              |    24 |    13 ||    37
Dodge: Dodged            |    55 |    52 ||   107
